[Event "Early-Titled-Tuesday-Blitz-October-24-2023"]
[Site "Chess.com"]
[Date "2023.10.24"]
[Round "3"]
[White "Aslanov_Umid"]
[Black "Noki102"]
[Result "0-1"]
[WhiteElo "2562"]
[BlackElo "2421"]
[TimeControl "180+1"]
[EndTime "8:29:03 PDT"]
[Termination "Noki102 won by resignation"]

1. e4 e5 2. Nf3 Nc6 3. Bc4 Nf6 4. d3 h6 5. c3 d6 6. Nbd2 g6 7. O-O Bg7 8. Re1 O-O 9. Nf1 Na5 10. Bb5 a6 11. Ba4 b5 12. Bc2 c5 13. d4 exd4 14.
cxd4 cxd4 15. Nxd4 Bb7 16. b3 Ng4 17. Bb2 Qh4 18. g3 Qh3 19. Ne2 Bxb2 20. Nf4 Nxf2 21. Nxh3 Nxd1 22. Raxd1 Rac8 23. Ne3 Rfe8 24. Nf2 Re6 25.
Rf1 h5 26. g4 hxg4 27. Nfxg4 Bxe4 28. Bxe4 Rxe4 29. Rxd6 Kg7 30. Rd7 Rf8 31. Kg2 Bd4 32. Kf3 Re6 33. Rxd4 Nc6 34. Rd7 Rfe8 35. Kg2 Nd8 36.
Rf3 R6e7 37. Rxe7 Rxe7 38. Nf2 f5 39. Nd3 Nc6 40. Nd5 Re2+ 41. Rf2 Re4 42. Rc2 Nd4 43.
Rc7+ Kh6 44. N3f4 g5 45. Nd3 Re2+ 46. Nf2 Rxa2 47. h4 gxh4 48. Nf4 Kg5 49. Nd3 Nxb3 50.
Kh3 Nd2 51. Rg7+ Kf6 52. Ra7 Ne4 53. Nxe4+ fxe4 54. Nc5 e3 55. Ne4+ Ke5 56. Nc3 Ra3 57. Re7+ Kd4 58. Ne2+ Kd3 59. Nf4+ Kd2 60. Rd7+ Ke1 61.
Kg2 e2 62. Nd3+ Kd2 63. Nf4+ Ke3 64. Nd5+ Ke4 65. Nf6+ Kf5 66. Re7 Kxf6 67. Rxe2 Kg5 68. Re4 Kf5 69. Re8 a5 70. Rf8+ Ke4 71. Rb8 b4 72.
Ra8 a4 73. Rb8 b3 74. Kh3 b2+ 75. Kxh4 Rb3 76. Re8+ Kd3 77. Re1 b1=Q 78. Rxb1 Rxb1 79. Kg3 a3 80. Kf3 a2 0-1

[Event "Early-Titled-Tuesday-Blitz-October-24-2023"]
[Site "Chess.com"]
[Date "2023.10.24"]
[Round "3"]
[White "NovozhilovSemen"]
[Black "FGHSMN"]
[Result "1-0"]
[WhiteElo "2685"]
[BlackElo "2891"]
[TimeControl "180+1"]
[EndTime "8:29:08 PDT"]
[Termination "NovozhilovSemen won by resignation"]

1. d4 Nf6 2. Nf3 e6 3. c4 b6 4. e3 Bb4+ 5. Bd2 Be7 6. Bd3 Bb7 7. Nc3 c5 8. O-O O-O 9. Bc1 cxd4 10. exd4 d5 11.
b3 Nc6 12. Bb2 dxc4 13. bxc4 Na5 14. Rc1 Rc8 15. Qe2 Bxf3 16. gxf3 Re8 17. Kh1 g6 18. Ne4 Nh5 19. Rg1 Bf8 20. Qe3 Bg7 21. Ba1 Nc6 22. d5 exd5 23. cxd5 Qxd5 24. Bc4 Qd7 25. Rcd1 Qe7 26.
Bxg7 Kxg7 27. Nd6 Qxe3 28. fxe3 Ne5 29. Be2 Red8 30. Nxc8 Rxc8 31. f4 Rc2 32. Bxh5 Nc4 33. Rd3 Rxa2 34. Bf3 Rc2 35. h4 a5 36. Rg2 Rc1+ 37.
Kh2 b5 38. Bd5 Nb6 39. Ba2 Rc7 40. Ra3 a4 41. Rb2 Rc5 42. Rd3 f6 43. Kg3 Kh6 44. Rd6 a3 45. Rb3 Nc4 46. Rxf6 Nd2 47. Rb4 Rc2 48.
Bg8 Kg7 49. Ra6 Kxg8 50. Rxa3 Nf1+ 51. Kf3 Nd2+ 52. Kg4 Nc4 53. Ra7 Nxe3+ 54. Kf3 Nf5 55. h5 Rc4 56. Rb1 Rc3+ 57. Kf2 Rc2+ 58. Kf1 Ng3+ 59. Kg1 Ne2+ 60. Kf1 Ng3+ 61. Ke1 Rc5 62. h6 Nf5 63. Rd1 Rc8 64. Rdd7 Re8+ 65. Kd2 Rf8 66. Rxh7 Ra8 67. Rhg7+ Nxg7 68. Rxa8+ Kh7 69. hxg7 Kxg7 70. Kc3 Kf6 71. Kb4 Kf5 72. Rg8 Kxf4 73. Rxg6 1-0

[Event "Early-Titled-Tuesday-Blitz-October-24-2023"]
[Site "Chess.com"]
[Date "2023.10.24"]
[Round "3"]
[White "profedechess93"]
[Black "Caterpiller35"]
[Result "1/2-1/2"]
[WhiteElo "2601"]
[BlackElo "2443"]
[TimeControl "180+1"]
[EndTime "8:29:09 PDT"]
[Termination "Game drawn by repetition"]

1. e4 c5 2. Nf3 Nc6 3. Bb5 g6 4. c3 Nf6 5. e5 Nd5 6. d4 cxd4 7. Bxc6 bxc6 8. Qxd4 Bg7 9. O-O O-O 10.
Qh4 d6 11. Bh6 Rb8 12. b3 Bf5 13. c4 Nb4 14. Nc3 dxe5 15. Bxg7 Kxg7 16. Nxe5 Qc7 17. Nf3 Rbd8 18. Rfe1 f6 19. Nd4 Rxd4 20. Qxd4 Nc2 21. Qc5 Nxa1 22. Rxe7+ Qxe7 23. Qxe7+ Rf7 24. Qc5 Nc2 25.
h3 h5 26. Qxc6 Nb4 27. Qb5 Nd3 28. Nd5 g5 29. Qb8 g4 30. hxg4 hxg4 31. Nf4 Ne5 32. Nh5+ Kg6 33. Nf4+ Kg5 34. Nd5 Kg6 35. Qg8+ Kh5 36. Nf4+ Kh6 37. Qh8+ Kg5 38. Nd5 Kg6 39. Qh4 Be4 40. Nf4+ Kf5 41. Nd5 Bxd5 42. cxd5 Rd7 43. Qh8 Rxd5 44. Qc8+ Kf4 45. Qc1+ Kf5 46. Qc2+ Kg5 47.
Qh7 Rd1+ 48. Kh2 Rd7 49. Qg8+ Kf5 50. Qb8 Rh7+ 51. Kg3 Rd7 52. Qb5 Rd3+ 53. Kh2 Rd2 54. Kg3 Rd3+ 55. Kh2 Rd2 56. Qc5 Rxa2 57. b4 Ra3 58. b5 Ra5 59. Qc8+ Kg6 60. Qc5 Ra2 61. Kg3 Rb2 62. Qd4 Rb3+ 63. Kh2 Rxb5 64. Qxa7 Rb2 65.
Qe3 Rb4 66. Qe1 Rf4 67. Qb1+ Kg5 68. Kg3 Rd4 69. Qc1+ Kg6 70. Qc8 Rd3+ 71. Kh2 Rd2 72. Qg8+ Kf5 73. Qh7+ Ke6 74. Qg8+ Kf5 75. Qh7+ Ke6 76.
Qh4 Rd3 77. Qh7 Rd2 1/2-1/2

[Event "Early-Titled-Tuesday-Blitz-October-24-2023"]
[Site "Chess.com"]
[Date "2023.10.24"]
[Round "3"]
[White "noblerone"]
[Black "vaniavindy"]
[Result "1-0"]
[WhiteElo "2525"]
[BlackElo "2202"]
[TimeControl "180+1"]
[EndTime "8:29:30 PDT"]
[Termination "noblerone won on time"]

1. d4 Nf6 2. Nf3 e6 3. Bg5 Be7 4. Nbd2 h6 5. Bh4 d5 6. e3 b6 7. Bd3 Bb7 8. Ne5 c5 9. c3 O-O 10. f4 Nbd7 11. O-O Rc8 12. Qf3 Ne4 13. Nxe4 Bxh4 14. Ng3 cxd4 15. exd4 f5 16. Nxd7 Qxd7 17. Rfe1 Rce8 18. Re2 Bc8 19. Rae1 Qa4 20. a3 Qc6 21.
Qh5 Bxg3 22. hxg3 Qc7 23. Re5 Rd8 24. g4 Qf7 25. Qxf7+ Rxf7 26. gxf5 exf5 27. Kf2 g6 28. Re7 Kg7 29. Bb5 Kf6 30. R7e5 Kg7 31. g3 Bb7 32. Be8 Rc7 33. Re7+ Rxe7 34. Rxe7+ Kf6 35. Rxb7 Rxe8 36. Rxa7 g5 37. Rb7 Re6 38. fxg5+ hxg5 39. b4 f4 40. gxf4 gxf4 41. a4 Kf5 42. a5 bxa5 43.
bxa5 Ra6 44. Kf3 Rxa5 45. Rf7+ Ke6 46. Rf8 Ra3 47. Rc8 Kd6 48. Kxf4 Ra1 49. Rd8+ Kc6 50. Re8 Rf1+ 51. Kg3 Rf6 52. Kg4 Kb5 53. Rc8 Rd6 54. Rc5+ Ka4 55. Kf5 Kb3 56. Ke5 Rb6 57. Kxd5 Rh6 58.
Ke5 Rh5+ 59. Kd6 Rh6+ 60. Kc7 Rh7+ 61. Kc6 Rh6+ 62. Kb5 Rh7 63. d5 Rh6 64. Rc6 Rh5 65.
Kc5 Kxc3 66. Re6 Kd3 67. Rg6 Ke4 68. Re6+ Kf5 69. Re1 Rh2 70. Kc6 Rc2+ 71. Kd7 Kf6 72. d6 Kf7 73. Kd8 Rc3 74. d7 Rd3 75. Kc7 Rc3+ 76.
Kd8 Rd3 77. Re8 Rc3 78. Rh8 Rd3 79. Rh7+ 1-0

[Event "Early-Titled-Tuesday-Blitz-October-24-2023"]
[Site "Chess.com"]
[Date "2023.10.24"]
[Round "3"]
[White "Harry_Rakkel"]
[Black "Sanan_Sjugirov"]
[Result "1/2-1/2"]
[WhiteElo "2706"]
[BlackElo "2946"]
[TimeControl "180+1"]
[EndTime "8:29:46 PDT"]
[Termination "Game drawn - insufficient material"]

1. e4 c5 2. Nf3 e6 3. d4 cxd4 4. Nxd4 a6 5. Bd3 Bc5 6. Nb3 Ba7 7. Qe2 Nc6 8. Nc3 d6 9. Bd2 Nge7 10. h4 b5 11. h5 h6 12. f4 b4 13. Nd1 a5 14.
Be3 a4 15. Nd2 d5 16. Bxa7 Rxa7 17. Qf2 O-O 18. Ne3 Ba6 19. O-O dxe4 20. Bxa6 Rxa6 21. Nxe4 Qd4 22. Ng3 Qxb2 23. f5 exf5 24. Nexf5 Nxf5 25. Nxf5 Qf6 26. Rad1 Ne7 27. Qc5 Nxf5 28. Rxf5 Qe6 29.
Re5 Qc8 30. Qxc8 Rxc8 31. Rd4 Rb6 32. Re7 Rbb8 33. Rdd7 Rf8 34. Ra7 b3 35. axb3 axb3 36. cxb3 Rxb3 37. Kh2 Rb5 38. g4 Rb3 39. Kg2 Rb2+ 40.
Kf3 Rb3+ 41. Kf4 Rb4+ 42. Kg3 Rb5 43. Red7 Rb6 44. Rdc7 Rf6 45. Rcb7 Re8 46. Rc7 Re3+ 47. Kg2 Re2+ 48. Kg3 Ref2 49. Rc3 Kh7 50. Ra8 g6 51. hxg6+ Kxg6 52. Rg8+ Kh7 53. Rb8 Kg7 54. Rbb3 Rf1 55. Rc2 Re1 56. Rd2 Re4 57. Kh3 Rg6 58. Rg2 Re5 59. Rf3 Reg5 60. Rf4 h5 61. Rgf2 hxg4+ 62. Kg3 f6 63. Rf1 Kf7 64. R1f2 Kg7 65. Rf1 Kg8 66. R1f2 Kf7 67. Rf1 Rh6 68. Rxg4 Rd5 69. Rgf4 Rd3+ 70. Kg4 Rg6+ 71. Kh4 Rd8 72. Kh3 Rd3+ 73. R4f3 Rd5 74. Kh2 Rh5+ 75. Rh3 Rc5 76. Rhf3 Rc2+ 77. R1f2 Rc8 78. Rh3 Rc1 79. Rg2 Rxg2+ 80. Kxg2 Ke6 81. Ra3 Kf5 82. Kf3 Rd1 83. Ra5+ Kg6 84. Kg4 Rd4+ 85. Kf3 f5 86. Kg3 Kg5 87.
Kf3 Rd3+ 88. Kf2 Kg4 89. Ra8 Rd2+ 90. Kf1 f4 91. Ra3 Rd5 92. Kf2 Rh5 93. Kf1 Rh1+ 94. Kg2 Re1 95. Kf2 Re3 96. Rxe3 fxe3+ 97. Kxe3 1/2-1/2

[Event "Early-Titled-Tuesday-Blitz-October-24-2023"]
[Site "Chess.com"]
[Date "2023.10.24"]
[Round "3"]
[White "Jojo_898"]
[Black "miraitrunks"]
[Result "1/2-1/2"]
[WhiteElo "2346"]
[BlackElo "2137"]
[TimeControl "180+1"]
[EndTime "8:30:13 PDT"]
[Termination "Game drawn - insufficient material"]

1. e4 c5 2. Nf3 Nc6 3. c3 d5 4.
exd5 Qxd5 5. d4 Bg4 6. Be2 e6 7.
O-O Nf6 8. Be3 cxd4 9. Nxd4 Bxe2 10. Qxe2 Nxd4 11. Bxd4 Bd6 12. Nd2 O-O 13. Bxf6 gxf6 14.
Ne4 Qe5 15. Qg4+ Kh8 16. Nxd6 Qxd6 17. Rfe1 Qc6 18. Qh4 e5 19. Re3 Rg8 20. Qh3 Rg6 21. Rd1 Rag8 22. Rg3 Qb6 23. b3 Qa5 24. Rxg6 Rxg6 25.
Qc8+ Kg7 26. h4 Qxa2 27. Qxb7 Qc2 28. Rd7 Qc1+ 29. Kh2 Qf4+ 30. g3 Qxf2+ 31. Qg2 Qc5 32. c4 f5 33. Kh3 f4 34. Rd3 h5 35. Qe2 Qg1 36. Qg2 Qb1 37. Qe2 Rxg3+ 38. Rxg3+ fxg3 39. Qxe5+ Kg6 40. Qxg3+ Kf6 41. Qf3+ Ke7 42. Qe3+ Kf8 43. Qc5+ Kg7 44. Qd4+ Kf8 45. Qc5+ Kg7 46. Qg5+ Kf8 47. Qh6+ Kg8 48. Qe3 Qf5+ 49. Kh2 Qc2+ 50. Kg3 a5 51. Qg5+ Kf8 52. Qc5+ Kg8 53. Qc8+ Kg7 54.
Qb7 Qd3+ 55. Kf4 Qd2+ 56. Ke5 Kg6 57. Qe4+ Kg7 58. Qf4 Qb2+ 59. Kd5 Qxb3 60. Qg5+ Kf8 61. Qxh5 Qb7+ 62. Kd4 Qd7+ 63. Qd5 Qg4+ 64. Qe4 Qd7+ 65. Kc3 f5 66. Qe5 a4 67. Qc5+ Kf7 68. h5 Qd1 69. Qxf5+ Kg7 70. Qg6+ Kf8 71. h6 Qc1+ 72. Kd4 Qb2+ 73. Kc5 Qe5+ 74. Kb4 Qb8+ 75. Kxa4 Qa8+ 76. Kb4 Qb7+ 77. Kc3 Qf3+ 78. Kd4 Qf4+ 79. Kd5 Qd2+ 80. Kc6 Qf4 81. Qg7+ Ke8 82. h7 Qxc4+ 83. Kd6 Qb4+ 84.
Ke6 Qc4+ 85. Kf5 Qf1+ 86. Ke4 Qe2+ 87. Kd5 Qd3+ 88. Kc5 Qc2+ 89. Kd5 Qd3+ 90. Kc6 Qc2+ 91. Kd6 Qd3+ 92. Ke6 Qe4+ 93. Qe5 Qxh7 94. Kd6+ Kf8 95. Qf6+ Qf7 96. Qh8+ Qg8 97. Qh6+ Kf7 98. Qf4+ Kg7 99. Qg5+ Kh7 100. Qxg8+ Kxg8 1/2-1/2

[Event "Early-Titled-Tuesday-Blitz-October-24-2023"]
[Site "Chess.com"]
[Date "2023.10.24"]
[Round "3"]
[White "NovikovaGalina"]
[Black "JuniorJumper"]
[Result "0-1"]
[WhiteElo "2437"]
[BlackElo "2616"]
[TimeControl "180+1"]
[EndTime "8:30:16 PDT"]
[Termination "JuniorJumper won by checkmate"]

1. e4 e5 2. Nf3 Nc6 3. d4 exd4 4. Nxd4 Nf6 5. Nxc6 bxc6 6. Qe2 Qe7 7. Nc3 g6 8.
Bg5 h6 9. Bh4 g5 10. Bg3 d6 11.
O-O-O Bg7 12. e5 dxe5 13. Qxe5 Be6 14. Qxc7 Qxc7 15. Bxc7 O-O 16. f3 Nd5 17. Nxd5 Bxd5 18. b3 Rfe8 19. Bd3 Bc3 20. Bg3 a5 21. Be1 Bf6 22. a4 Re7 23. Bd2 Rb7 24. Rde1 c5 25. Be4 Rd7 26. Bxd5 Rxd5 27. Re3 Bd4 28. Rd3 Re8 29.
Re1 Rde5 30. Rxe5 Rxe5 31. Kd1 Bf2 32. Bc3 Re6 33. Bxa5 c4 34. Rd8+ Kh7 35. Bd2 Rb6 36.
a5 cxb3 37. cxb3 Rxb3 38. Ke2 Bc5 39. Ra8 Ra3 40. a6 Ra2 41. Kd3 Ra3+ 42. Ke4 Bg1 43. h3 Kg6 44. Rg8+ Kh7 45. Ra8 Kg6 46. Kd5 Rd3+ 47. Ke4 Rxd2 48. a7 Bxa7 49. Rxa7 Rxg2 50. Ra6+ f6 51. Ke3 Rg3 52. Kf2 Rxh3 53. Kg2 Rh4 54.
Kg3 Rf4 55. Ra8 h5 56. Rg8+ Kf5 57. Ra8 h4+ 58. Kg2 Kg6 59. Ra5 Rb4 60. Ra8 Rb2+ 61. Kh3 Rf2 62. Kg4 f5+ 63. Kh3 Rxf3+ 64. Kg2 Rg3+ 65.
Kh2 Kh5 66. Rh8+ Kg4 67. Ra8 Rb3 68. Ra4+ f4 69. Ra2 h3 70. Rc2 Rg3 71. Kh1 Rg2 72.
Rc5 Ra2 73. Rc1 Kg3 74. Rg1+ Rg2 75. Rf1 Ra2 76. Rg1+ Kh4 77. Rf1 Kg4 78. Rg1+ Kf5 79. Rb1 g4 80. Rb5+ Ke4 81. Rb4+ Kf3 82. Rb3+ Kf2 83. Rb1 Kg3 84. Rg1+ Kh4 85. Rf1 f3 86. Rc1 h2 87. Rb1 Kg3 88. Rc1 Rg2 89. Rb1 Rg1+ 90.
Rxg1+ hxg1=Q+ 91. Kxg1 Kf4 92. Kf2 g3+ 93. Kf1 Ke3 94.
Kg1 Ke2 95. Kh1 f2 96. Kg2 f1=Q+ 97. Kxg3 Qf3+ 98. Kh2 Qg4 99. Kh1 Kf2 100. Kh2 Qh5# 0-1

[Event "Early-Titled-Tuesday-Blitz-October-24-2023"]
[Site "Chess.com"]
[Date "2023.10.24"]
[Round "4"]
[White "CHENNAIBOND"]
[Black "santosalberto1987"]
[Result "0-1"]
[WhiteElo "1675"]
[BlackElo "2413"]
[TimeControl "180+1"]
[EndTime "8:32:09 PDT"]
[Termination "santosalberto1987 won by resignation"]

1. e4 e6 2. d4 d5 3. Nc3 Nf6 4. e5 Nfd7 5. f4 c5 6. Nf3 Nc6 7. Be3 Qb6 8. a3 c4 9. Qd2 Qxb2 10. Rb1 Qxa3 11. Be2 Bb4 0-1

[Event "Early-Titled-Tuesday-Blitz-October-24-2023"]
[Site "Chess.com"]
[Date "2023.10.24"]
[Round "4"]
[White "vasblesk"]
[Black "Skatchkov_V"]
[Result "1/2-1/2"]
[WhiteElo "2761"]
[BlackElo "2559"]
[TimeControl "180+1"]
[EndTime "8:32:44 PDT"]
[Termination "Game drawn by repetition"]

1. Nf3 d5 2. g3 Nd7 3. Bg2 e5 4. O-O Bd6 5. d3 Ngf6 6. c4 c6 7. Bg5 O-O 8. Nc3 h6 9. Bxf6 Nxf6 10. cxd5 cxd5 11. Nd2 Be6 12. a3 Rc8 13. Rc1 Qb6 14.
b4 a5 15. Na4 Qb5 16. Nc3 Qb6 17. Na4 Qb5 18. Nc3 Qb6 1/2-1/2

[Event "Early-Titled-Tuesday-Blitz-October-24-2023"]
[Site "Chess.com"]
[Date "2023.10.24"]
[Round "4"]
[White "Treasurechess777"]
[Black "surrenderPLS"]
[Result "0-1"]
[WhiteElo "2320"]
[BlackElo "2513"]
[TimeControl "180+1"]
[EndTime "8:32:54 PDT"]
[Termination "surrenderPLS won by resignation"]

1. Nf3 Nf6 2. b3 g6 3. Bb2 Bg7 4. e3 O-O 5. d4 b6 6. Bd3 Bb7 7. Nbd2 d6 8. c4 Nbd7 9. Qc2 c5 10. d5 e6 11. dxe6 fxe6 12. h4 Qe7 13. h5 Nxh5 14. Rxh5 gxh5 15. Bxh7+ Kh8 16. O-O-O Bxb2+ 17. Qxb2+ Kxh7 18. Rh1 Qf6 19. Rxh5+ Kg7 20. Qc2 Rh8 21. Rg5+ Kf7 22.
Ne4 Rh1+ 23. Kd2 Bxe4 24. Qxe4 Qb2+ 0-1

[Event "Early-Titled-Tuesday-Blitz-October-24-2023"]
[Site "Chess.com"]
[Date "2023.10.24"]
[Round "4"]
[White "FREDERICKtheMATE"]
[Black "McCarthyStone"]
[Result "1-0"]
[WhiteElo "2590"]
[BlackElo "2322"]
[TimeControl "180+1"]
[EndTime "8:33:10 PDT"]
[Termination "FREDERICKtheMATE won by resignation"]

1. Nf3 g6 2. c4 Bg7 3. Nc3 e5 4. d4 exd4 5. Nxd4 Nf6 6. e3 O-O 7. Be2 d5 8. cxd5 Nxd5 9. Nxd5 Qxd5 10. Bf3 Qd8 11. O-O c6 12. Qb3 Qb6 13. Qxb6 axb6 14.
a3 Nd7 15. Rd1 b5 16. Bd2 Nb6 17. Bb4 Rd8 18. Nxc6 Rxd1+ 19. Rxd1 Kh8 20. Rd8+ 1-0

[Event "Early-Titled-Tuesday-Blitz-October-24-2023"]
[Site "Chess.com"]
[Date "2023.10.24"]
[Round "4"]
[White "MFatigue"]
[Black "GAusal"]
[Result "0-1"]
[WhiteElo "2468"]
[BlackElo "2299"]
[TimeControl "180+1"]
[EndTime "8:33:30 PDT"]
[Termination "GAusal won by checkmate"]

1. e4 c5 2. a3 e6 3. b4 b6 4. Nc3 Bb7 5. b5 d5 6. exd5 exd5 7. d4 Nf6 8. Nf3 Bd6 9. Be2 O-O 10. O-O Re8 11. h3 c4 12. Be3 Ne4 13. Nxe4 Rxe4 14. Nd2 Re8 15. c3 Nd7 16. Bf3 Nf6 17. Nxc4 Bb8 18.
Bg5 Qc7 19. Bxf6 Qh2# 0-1

[Event "Early-Titled-Tuesday-Blitz-October-24-2023"]
[Site "Chess.com"]
[Date "2023.10.24"]
[Round "4"]
[White "Kirill_Klukin"]
[Black "Larina_Maria"]
[Result "1-0"]
[WhiteElo "2640"]
[BlackElo "2225"]
[TimeControl "180+1"]
[EndTime "8:33:41 PDT"]
[Termination "Kirill_Klukin won by resignation"]

1. f4 d5 2. Nf3 c5 3. g3 g6 4.
Bg2 Bg7 5. O-O Nf6 6. d3 Nc6 7.
Nc3 O-O 8. e4 dxe4 9. dxe4 e5 10. fxe5 Ng4 11. Qxd8 Rxd8 12. Bg5 Re8 13. Nd5 Rb8 14.
Nf6+ Bxf6 15. exf6 Rxe4 16. h3 Nge5 17. Nxe5 Rxe5 18. Bf4 Bf5 19. Bxc6 1-0

[Event "Early-Titled-Tuesday-Blitz-October-24-2023"]
[Site "Chess.com"]
[Date "2023.10.24"]
[Round "4"]
[White "chess_blitz00"]
[Black "Resignify"]
[Result "1-0"]
[WhiteElo "2498"]
[BlackElo "2300"]
[TimeControl "180+1"]
[EndTime "8:33:46 PDT"]
[Termination "chess_blitz00 won by resignation"]

1. Nf3 Nf6 2. b3 g6 3. Bb2 Bg7 4. g3 d6 5. Bg2 Nbd7 6. O-O O-O 7.
d4 a5 8. Nbd2 a4 9. c4 Re8 10. e4 a3 11. Bc3 e5 12. Qc2 c6 13.
Rfe1 Qb6 14. Rad1 h6 15. b4 c5 16. bxc5 dxc5 17. dxe5 Nxe5 18. Nxe5 1-0

[Event "Early-Titled-Tuesday-Blitz-October-24-2023"]
[Site "Chess.com"]
[Date "2023.10.24"]
[Round "4"]
[White "Verony64"]
[Black "Josgar05"]
[Result "0-1"]
[WhiteElo "2185"]
[BlackElo "2366"]
[TimeControl "180+1"]
[EndTime "8:34:18 PDT"]
[Termination "Josgar05 won by resignation"]

1. e4 c5 2. Nc3 a6 3. d3 e6 4. g3 b5 5. Bg2 Bb7 6. f4 Qc7 7. Nf3 Nf6 8. O-O b4 9. Ne2 d6 10. h3 Nc6 11. Be3 Be7 12. c3 bxc3 13. bxc3 O-O 14. g4 Rad8 15. Ng3 Nd7 16. Qe2 c4 17. d4 d5 18. e5 f5 19. gxf5 exf5 20.
Ng5 Bxg5 21. Bxd5+ Kh8 22. fxg5 Ndxe5 23. Bxc4 Nxc4 24. Qxc4 Qxg3+ 0-1

[Event "Early-Titled-Tuesday-Blitz-October-24-2023"]
[Site "Chess.com"]
[Date "2023.10.24"]
[Round "4"]
[White "Sjakkerntobi"]
[Black "AlexPapasimakopoulos"]
[Result "0-1"]
[WhiteElo "2486"]
[BlackElo "2673"]
[TimeControl "180+1"]
[EndTime "8:34:19 PDT"]
[Termination "AlexPapasimakopoulos won by resignation"]

1. e4 e6 2. d4 d5 3. Nc3 Bb4 4. e5 c5 5. a3 Bxc3+ 6. bxc3 Nc6 7.
h4 Bd7 8. h5 Qa5 9. Bd2 h6 10.
Qg4 Kf8 11. Rh3 Nge7 12. Nf3 Qa4 13. Rb1 b6 14. Bb5 Qxc2 15. Rc1 Qe4+ 16. Qxe4 dxe4 17. Ng1 Nxe5 18. dxe5 Bxb5 19. c4 Bc6 20. Ne2 Nf5 21. Be3 Rd8 22. g4 Nd4 23. Bxd4 cxd4 24. c5 d3 25. Kd2 dxe2+ 26. Kxe2 Bb5+ 27. Ke1 Rc8 28. Rhc3 Ke7 29. c6 Rc7 30. a4 Bxa4 31. Rd1 Bxc6 0-1

[Event "Early-Titled-Tuesday-Blitz-October-24-2023"]
[Site "Chess.com"]
[Date "2023.10.24"]
[Round "4"]
[White "louis198"]
[Black "seopie"]
[Result "0-1"]
[WhiteElo "2681"]
[BlackElo "2914"]
[TimeControl "180+1"]
[EndTime "8:34:20 PDT"]
[Termination "seopie won by resignation"]

1. d4 Nf6 2. Bf4 d5 3. e3 e6 4. Bd3 c5 5. c3 Nc6 6. Nd2 Qb6 7. Qb1 Nh5 8. Bg3 Nxg3 9. hxg3 h6 10. Ngf3 Bd7 11. O-O Be7 12. dxc5 Qxc5 13. e4 O-O 14. Rd1 Rad8 15. exd5 Qxd5 16. Nf1 Qa5 17. Qc2 Bc8 18. Ne3 Ne5 19. Be4 Nxf3+ 20. Bxf3 Qc7 21. Rxd8 Rxd8 22. Rd1 Rxd1+ 23. Qxd1 b6 24. Qa4 Bd7 25. Qe4 Bc5 26.
Nc4 Qxg3 27. Ne3 Qc7 28. Nc4 Qg3 29. Ne3 Qb8 30. Nc4 Be8 31. b4 Be7 32. Ne5 Bf6 33. c4 Bxe5 0-1

[Event "Early-Titled-Tuesday-Blitz-October-24-2023"]
[Site "Chess.com"]
[Date "2023.10.24"]
[Round "4"]
[White "parintele_chess"]
[Black "Alenzer"]
[Result "1-0"]
[WhiteElo "2267"]
[BlackElo "2073"]
[TimeControl "180+1"]
[EndTime "8:34:31 PDT"]
[Termination "parintele_chess won by resignation"]

1. d4 d5 2. Bf4 Nf6 3. Nf3 c5 4. e3 Nc6 5. Nbd2 e6 6. c3 Bd6 7.
Bg3 O-O 8. Bd3 Re8 9. Ne5 Bxe5 10. dxe5 Nd7 11. f4 f6 12. Qh5 Nf8 13. O-O d4 14. Ne4 dxc3 15. Rad1 Qe7 16. exf6 gxf6 17. Bh4 Ng6 18. Nxf6+ 1-0

[Event "Early-Titled-Tuesday-Blitz-October-24-2023"]
[Site "Chess.com"]
[Date "2023.10.24"]
[Round "4"]
[White "dropstoneDP"]
[Black "WhiteKnight2612"]
[Result "1-0"]
[WhiteElo "3090"]
[BlackElo "2822"]
[TimeControl "180+1"]
[EndTime "8:34:34 PDT"]
[Termination "dropstoneDP won by checkmate"]

1. e4 e5 2. Nf3 Nc6 3. Bb5 a6 4. Ba4 Nf6 5. O-O Be7 6. d3 b5 7. Bb3 O-O 8. Nc3 d6 9. a3 Bg4 10. Be3 Nd4 11. Bxd4 exd4 12. Nd5 Nxd5 13. Bxd5 Rc8 14.
Bc6 Bf6 15. a4 Rb8 16. h3 Bxf3 17. Qxf3 Rb6 18. axb5 axb5 19. Bd5 c6 20. Bb3 Qc7 21. g3 c5 22. Bd5 c4 23. Kg2 Qc5 24. Ra7 Qb4 25.
Qf5 Rbb8 26. Rfa1 Qxb2 27. Rxf7 Rxf7 28. Ra7 Kh8 29. Rxf7 h6 30. Rxf6 gxf6 31. Qxf6+ Kh7 32. Qe7+ Kh8 33. Qxd6 Qxc2 34. Qxh6# 1-0

[Event "Early-Titled-Tuesday-Blitz-October-24-2023"]
[Site "Chess.com"]
[Date "2023.10.24"]
[Round "4"]
[White "miraitrunks"]
[Black "ExcitingTrap"]
[Result "0-1"]
[WhiteElo "2133"]
[BlackElo "2356"]
[TimeControl "180+1"]
[EndTime "8:34:34 PDT"]
[Termination "ExcitingTrap won by resignation"]

1. e4 e5 2. Nf3 Nc6 3. d4 exd4 4.
Nxd4 Nf6 5. Nxc6 bxc6 6. e5 Qe7 7. Qe2 Nd5 8. c4 Ba6 9. b3 g6 10. Qe4 Nf6 11. Qe2 Nd5 12. Bb2 Bg7 13. Nd2 Nb4 14. Nf3 c5 15. Qe4 O-O 16. a3 d5 17. Qb1 Nc6 18. cxd5 Bxf1 19. Kxf1 Nxe5 20. Qe4 Rfe8 21. Nxe5 Bxe5 22. Re1 Bd6 23. Qxe7 Rxe7 24. Rd1 Rb8 25. Rd3 c4 0-1

[Event "Early-Titled-Tuesday-Blitz-October-24-2023"]
[Site "Chess.com"]
[Date "2023.10.24"]
[Round "4"]
[White "Orujov2008"]
[Black "Semetey"]
[Result "1-0"]
[WhiteElo "2754"]
[BlackElo "2531"]
[TimeControl "180+1"]
[EndTime "8:34:43 PDT"]
[Termination "Orujov2008 won by resignation"]

1. e4 a6 2. d4 g6 3. Nf3 Bg7 4.
Nc3 d6 5. Be3 b5 6. h4 Nf6 7.
Bd3 Bb7 8. h5 Nxh5 9. Ng5 Nf6 10.
e5 dxe5 11. dxe5 Nd5 12. Be4 e6 13. Nxd5 exd5 14. Nxf7 Kxf7 15. e6+ Kxe6 16. Qg4+ Kf7 17. O-O-O c6 18. Rxh7 Rxh7 19. Bxg6+ Kf8 20. Bc5+ Kg8 21.
Bxh7+ Kxh7 22. Rh1+ Bh6+ 23. Be3 Qf6 24. Rxh6+ Qxh6 25. Bxh6 Kxh6 26. Qe6+ Kh5 27. Qf7+ 1-0

[Event "Early-Titled-Tuesday-Blitz-October-24-2023"]
[Site "Chess.com"]
[Date "2023.10.24"]
[Round "4"]
[White "jup1978"]
[Black "Andrei_Skvortsov"]
[Result "1/2-1/2"]
[WhiteElo "2486"]
[BlackElo "2656"]
[TimeControl "180+1"]
[EndTime "8:34:44 PDT"]
[Termination "Game drawn by repetition"]

1. d4 g6 2. Nf3 Bg7 3. c4 e6 4. Nc3 Ne7 5. g3 d5 6. cxd5 exd5 7. Bg2 Nd7 8. O-O O-O 9. Bf4 c6 10. b4 a6 11. a4 Nf6 12. b5 axb5 13. axb5 Rxa1 14. Qxa1 Ne4 15. bxc6 bxc6 16. Ne5 Nxc3 17.
Qxc3 Qb6 18. Rc1 Nf5 19. e3 Bxe5 20. Bxe5 Bd7 21. h4 Re8 22. Qc2 h5 23. Rb1 Qa7 24. Qb2 Rc8 25. Qb7 Qxb7 26. Rxb7 Be6 27. Rb8 Rxb8 28. Bxb8 Kf8 29. Kf1 Ke7 30. Ke2 Nd6 31.
Bxd6+ Kxd6 32. Kd3 c5 33. dxc5+ Kxc5 34. Bf3 Bf5+ 35.
Kc3 Be4 36. Bd1 Bf5 37. Ba4 f6 38. Be8 Be4 39. Bf7 Bf5 40. Be8 Be4 41. Bf7 Bf5 42. Be8 1/2-1/2

[Event "Early-Titled-Tuesday-Blitz-October-24-2023"]
[Site "Chess.com"]
[Date "2023.10.24"]
[Round "4"]
[White "crazy_m_attack"]
[Black "tomobeast"]
[Result "1-0"]
[WhiteElo "2448"]
[BlackElo "2226"]
[TimeControl "180+1"]
[EndTime "8:34:44 PDT"]
[Termination "crazy_m_attack won by resignation"]

1. e4 c5 2. Nf3 Nf6 3. e5 Nd5 4. Nc3 e6 5. Ne4 f5 6. exf6 Nxf6 7. d3 d5 8. Ng3 Nc6 9. d4 cxd4 10. Nxd4 Bc5 11.
Nb3 Bb6 12. Be2 O-O 13. O-O e5 14. c4 Kh8 15. cxd5 Nxd5 16. Bc4 Nf4 17. Qxd8 Rxd8 18. Be3 Bxe3 19. fxe3 Ng6 20. Ne4 Bg4 21. Ng5 Na5 22.
Nxa5 1-0

[Event "Early-Titled-Tuesday-Blitz-October-24-2023"]
[Site "Chess.com"]
[Date "2023.10.24"]
[Round "4"]
[White "sari07"]
[Black "MikeSailer"]
[Result "1-0"]
[WhiteElo "2261"]
[BlackElo "2034"]
[TimeControl "180+1"]
[EndTime "8:34:50 PDT"]
[Termination "sari07 won by resignation"]

1. Nf3 g6 2. e4 Bg7 3. d4 c5 4. c3 cxd4 5. cxd4 d5 6. e5 Bg4 7. h3 Bxf3 8. Qxf3 e6 9. Nc3 a6 10. Bd3 Nc6 11. Be3 Nge7 12. O-O O-O 13. h4 f6 14. exf6 Rxf6 15. Qg4 Nf5 16. Bg5 Ncxd4 17.
Ne2 Nxe2+ 18. Bxe2 Qd6 19. Bxf6 Bxf6 20. h5 Kg7 21.
Bd3 Bxb2 22. Rab1 Qe5 23. Qb4 Qc3 24. Qxb2 Qxb2 25. Rxb2 gxh5 26. Bxf5 1-0